TOP OF THE 1ST |
Hillsboro Hops batting - Pitching for Tri-City Dust Devils : RHP Roger Watkins
|
Pitching: RHP Roger Watkins
|
|
Batting: RHB Jonathan Underhill
|
0-0: Called Strike 0-1: Fly out, F9 (Line Drive, 9, EV 86.2 MPH)
|
Batting: RHB Paul Healy
|
0-0: Called Strike 0-1: Called Strike 0-2: Ball 1-2: Strikes out swinging
|
Batting: RHB Nikita Schram
|
0-0: Ball 1-0: Ground out 6-3 (Groundball, 6, EV 106.9 MPH)
|
Top of the 1st over - 0 runs, 0 hits, 0 errors, 0 left on base; Hillsboro 0 - Tri-City 0 |
BOTTOM OF THE 1ST |
Tri-City Dust Devils batting - Pitching for Hillsboro Hops : RHP Jose Rodas
|
Pitching: RHP Jose Rodas
|
|
Batting: RHB Ben Hoffman
|
0-0: Fly out, F4 (Line Drive, 4, EV 75.6 MPH)
|
Batting: SHB Cesar Arteaga
|
0-0: Called Strike 0-1: SINGLE (Groundball, 3D, EV 100.0 MPH)
|
Batting: LHB Justin Rankin
|
0-0: Called Strike 0-1: Ball Cesar Arteaga steals 2nd base 1-1: Called Strike 1-2: Ball 2-2: Ground out U3 (Groundball, 34S, EV 83.1 MPH) Cesar Arteaga to third
|
Batting: RHB Deshawn Boseman
|
0-0: Ball 1-0: Foul Ball, location: 2F 1-1: Ground out 4-3 (Groundball, 4, EV 83.8 MPH)
|
Bottom of the 1st over - 0 runs, 1 hit, 0 errors, 1 left on base; Hillsboro 0 - Tri-City 0 |
TOP OF THE 2ND |
Hillsboro Hops batting - Pitching for Tri-City Dust Devils : RHP Roger Watkins
|
Batting: SHB Johnny Diaz
|
0-0: Called Strike 0-1: Ball 1-1: Foul Ball, location: 2F 1-2: TRIPLE (Line Drive, 89XD, EV 107.5 MPH)
|
Batting: RHB T.J. Jordan
|
0-0: Called Strike 0-1: SINGLE (Groundball, 6MD, EV 105.0 MPH) Johnny Diaz scores
|
Batting: RHB Mike Swift
|
0-0: Ball 1-0: Called Strike 1-1: Called Strike 1-2: Ball 2-2: Ball 3-2: SINGLE (Line Drive, 6MD, EV 94.4 MPH) T.J. Jordan to second
|
Batting: LHB Ron Mills
|
0-0: Swinging Strike 0-1: Swinging Strike 0-2: Ball 1-2: Strikes out swinging
|
Batting: RHB Orlando Florez
|
0-0: Called Strike 0-1: Called Strike 0-2: Ball 1-2: Ball 2-2: Ball 3-2: Base on Balls T.J. Jordan to third Mike Swift to second
|
Batting: RHB Ryuki Ogasawara
|
0-0: Called Strike 0-1: Ball 1-1: SINGLE (Line Drive, 9S, EV 103.1 MPH) T.J. Jordan scores Mike Swift to third Orlando Florez to second
|
Batting: RHB Jonathan Underhill
|
0-0: DOUBLE (Groundball, 5L, EV 100.6 MPH) Mike Swift scores Orlando Florez scores Ryuki Ogasawara to third Runner from 3rd tries for Home, SAFE, no throw by LF
|
Pinch Runner at 2nd Dale Young:
|
|
Batting: RHB Paul Healy
|
0-0: Called Strike 0-1: Ball 1-1: Ball 2-1: Swinging Strike 2-2: Fly out, F8 (Flyball, 8RD, EV 95.6 MPH) Runner from 2nd tags up, SAFE at 3rd with throw by CF
|
Batting: RHB Nikita Schram
|
0-0: Ball 1-0: Fly out, F8 (Flyball, 8LM, EV 93.8 MPH)
|
Top of the 2nd over - 5 runs, 5 hits, 0 errors, 1 left on base; Hillsboro 5 - Tri-City 0 |
BOTTOM OF THE 2ND |
Tri-City Dust Devils batting - Pitching for Hillsboro Hops : RHP Jose Rodas
|
Now at 2B: Dale Young
|
|
Batting: SHB Blake Abbott
|
0-0: Ball 1-0: Foul Ball, location: 2F 1-1: Called Strike 1-2: Foul Ball, location: 2F 1-2: Strikes out swinging
|
Batting: LHB Paul Collins
|
0-0: Called Strike 0-1: Ball 1-1: Swinging Strike 1-2: Strikes out swinging
|
Batting: LHB Ryan Anderson
|
0-0: Foul Ball, location: 2F 0-1: Called Strike 0-2: Ball 1-2: Ball 2-2: Foul Ball, location: 2F 2-2: Ball 3-2: Strikes out swinging
|
Bottom of the 2nd over - 0 runs, 0 hits, 0 errors, 0 left on base; Hillsboro 5 - Tri-City 0 |
TOP OF THE 3RD |
Hillsboro Hops batting - Pitching for Tri-City Dust Devils : RHP Roger Watkins
|
Batting: SHB Johnny Diaz
|
0-0: Called Strike 0-1: Ground out 1-3 (Groundball, 34S, EV 75.6 MPH)
|
Batting: RHB T.J. Jordan
|
0-0: Ball 1-0: Ball 2-0: Called Strike 2-1: Ground out 5-3 (Groundball, 5S, EV 71.9 MPH)
|
Batting: RHB Mike Swift
|
0-0: Called Strike 0-1: Swinging Strike 0-2: SINGLE (Groundball, 34D, EV 98.8 MPH)
|
Batting: LHB Ron Mills
|
0-0: Ball 1-0: Foul Ball, location: 2F 1-1: Foul Ball, location: 2F 1-2: Ball 2-2: Ball 3-2: Base on Balls Mike Swift to second
|
Batting: RHB Orlando Florez
|
0-0: Called Strike 0-1: Ball 1-1: Called Strike 1-2: Ground out 5-3 (Groundball, 56S, EV 83.8 MPH)
|
Top of the 3rd over - 0 runs, 1 hit, 0 errors, 2 left on base; Hillsboro 5 - Tri-City 0 |
BOTTOM OF THE 3RD |
Tri-City Dust Devils batting - Pitching for Hillsboro Hops : RHP Jose Rodas
|
Batting: RHB Joel Vazquez
|
0-0: Called Strike 0-1: Ball 1-1: Ball 2-1: Ball 3-1: Base on Balls
|
Batting: RHB Pleun Smit
|
0-0: SINGLE (Line Drive, 6D, EV 102.5 MPH) Joel Vazquez to second
|
Batting: RHB Ben Hoffman
|
0-0: Called Strike 0-1: Swinging Strike 0-2: Ball 1-2: Strikes out swinging
|
Batting: SHB Cesar Arteaga
|
0-0: Ball 1-0: Ball 2-0: Foul Ball, location: 2F 2-1: Foul Ball, location: 2F 2-2: Ball 3-2: Fly out, F8 (Flyball, 8LM, EV 91.9 MPH)
|
Batting: LHB Justin Rankin
|
0-0: Called Strike 0-1: Called Strike 0-2: Ball 1-2: Strikes out swinging
|
Bottom of the 3rd over - 0 runs, 1 hit, 0 errors, 2 left on base; Hillsboro 5 - Tri-City 0 |
TOP OF THE 4TH |
Hillsboro Hops batting - Pitching for Tri-City Dust Devils : RHP Roger Watkins
|
Batting: RHB Ryuki Ogasawara
|
0-0: Called Strike 0-1: Foul Ball, location: 2F 0-2: Ball 1-2: Strikes out swinging
|
Batting: RHB Dale Young
|
0-0: Ground out 5-3 (Groundball, 56, EV 100.0 MPH)
|
Batting: RHB Paul Healy
|
0-0: Called Strike 0-1: Ground out 3-1 (Groundball, 34S, EV 86.9 MPH)
|
Top of the 4th over - 0 runs, 0 hits, 0 errors, 0 left on base; Hillsboro 5 - Tri-City 0 |
BOTTOM OF THE 4TH |
Tri-City Dust Devils batting - Pitching for Hillsboro Hops : RHP Jose Rodas
|
Batting: RHB Deshawn Boseman
|
0-0: Foul Ball, location: 2F 0-1: Ball 1-1: SINGLE (Groundball, 56, EV 100.6 MPH)
|
Batting: SHB Blake Abbott
|
0-0: Ball 1-0: Ball 2-0: Foul Ball, location: 2F 2-1: Foul Ball, location: 2F 2-2: Foul Ball, location: 2F 2-2: Strikes out swinging
|
Batting: LHB Paul Collins
|
0-0: Fly out, F6 (Line Drive, 6M, EV 70.0 MPH)
|
Batting: LHB Ryan Anderson
|
0-0: Ball 1-0: Foul Ball, location: 2F 1-1: Ball 2-1: Foul Ball, location: 2F 2-2: Foul Ball, location: 2F 2-2: Ball 3-2: Strikes out looking
|
Bottom of the 4th over - 0 runs, 1 hit, 0 errors, 1 left on base; Hillsboro 5 - Tri-City 0 |
TOP OF THE 5TH |
Hillsboro Hops batting - Pitching for Tri-City Dust Devils : RHP Roger Watkins
|
Batting: RHB Nikita Schram
|
0-0: Called Strike 0-1: Swinging Strike 0-2: Ball 1-2: Foul Ball, location: 2F 1-2: Ball 2-2: Strikes out swinging
|
Batting: SHB Johnny Diaz
|
0-0: Ball 1-0: Called Strike 1-1: Ground out 4-3 (Groundball, 4M, EV 85.0 MPH)
|
Batting: RHB T.J. Jordan
|
0-0: Ball 1-0: Ball 2-0: Ball 3-0: Base on Balls
|
Batting: RHB Mike Swift
|
0-0: Called Strike 0-1: Ball 1-1: Called Strike 1-2: Reached via error on a dropped throw from 2B, E3 (Groundball, 4, EV 91.9 MPH) T.J. Jordan to second
|
Batting: LHB Ron Mills
|
0-0: Ball 1-0: Swinging Strike 1-1: Swinging Strike 1-2: Ball 2-2: Strikes out swinging
|
Top of the 5th over - 0 runs, 0 hits, 1 error, 2 left on base; Hillsboro 5 - Tri-City 0 |
BOTTOM OF THE 5TH |
Tri-City Dust Devils batting - Pitching for Hillsboro Hops : RHP Jose Rodas
|
Batting: RHB Joel Vazquez
|
0-0: Ball 1-0: Called Strike 1-1: Ball 2-1: Foul Ball, location: 2F 2-2: Ball 3-2: Strikes out swinging
|
Batting: RHB Pleun Smit
|
0-0: Called Strike 0-1: Ball 1-1: Called Strike 1-2: Ball 2-2: Foul Ball, location: 2F 2-2: Strikes out swinging
|
Batting: RHB Ben Hoffman
|
0-0: Ball 1-0: Fly out, F7 (Flyball, 7LS, EV 90.0 MPH)
|
Bottom of the 5th over - 0 runs, 0 hits, 0 errors, 0 left on base; Hillsboro 5 - Tri-City 0 |
TOP OF THE 6TH |
Hillsboro Hops batting - Pitching for Tri-City Dust Devils : RHP Roger Watkins
|
Batting: RHB Orlando Florez
|
0-0: Ground out 6-3 (Groundball, 6, EV 80.0 MPH)
|
Batting: RHB Ryuki Ogasawara
|
0-0: Called Strike 0-1: Called Strike 0-2: Ball 1-2: Strikes out swinging
|
Batting: RHB Dale Young
|
0-0: Called Strike 0-1: Called Strike 0-2: DOUBLE (Line Drive, 5D, EV 110.6 MPH)
|
Batting: RHB Paul Healy
|
0-0: Ball 1-0: Called Strike 1-1: Hit by Pitch
|
Batting: RHB Nikita Schram
|
0-0: Ball 1-0: Fielders Choice at 2nd, 6-4 (Groundball, 6, EV 82.5 MPH)
|
Top of the 6th over - 0 runs, 1 hit, 0 errors, 2 left on base; Hillsboro 5 - Tri-City 0 |
BOTTOM OF THE 6TH |
Tri-City Dust Devils batting - Pitching for Hillsboro Hops : RHP Jose Rodas
|
Batting: SHB Cesar Arteaga
|
0-0: Foul Ball, location: 2F 0-1: Ball 1-1: Ball 2-1: Ball 3-1: Called Strike 3-2: Base on Balls
|
Batting: LHB Justin Rankin
|
0-0: Called Strike 0-1: Ball Cesar Arteaga steals 2nd base 1-1: SINGLE (Groundball, 4M, EV 101.2 MPH) (infield hit) Cesar Arteaga to third
|
Batting: RHB Deshawn Boseman
|
0-0: Ball 1-0: Foul Ball, location: 2F Pickoff Throw to First - Out! 1-3 1-1: Ball 2-1: Ball 3-1: Swinging Strike 3-2: Strikes out looking
|
Batting: SHB Blake Abbott
|
0-0: Ball 1-0: Called Strike 1-1: Foul Ball, location: 2F 1-2: Ball 2-2: Foul Ball, location: 2F 2-2: Ball 3-2: Strikes out looking
|
Bottom of the 6th over - 0 runs, 1 hit, 0 errors, 1 left on base; Hillsboro 5 - Tri-City 0 |
TOP OF THE 7TH |
Hillsboro Hops batting - Pitching for Tri-City Dust Devils : RHP Roger Watkins
|
Pitching: RHP Isaiah McLaurin
|
|
Batting: SHB Johnny Diaz
|
0-0: Called Strike 0-1: Ball 1-1: Called Strike 1-2: Foul Ball, location: 2F 1-2: DOUBLE (Line Drive, 5D, EV 96.2 MPH)
|
Batting: RHB T.J. Jordan
|
0-0: Ball Passed Ball! Johnny Diaz to third 1-0: Ball 2-0: Ball 3-0: Called Strike 3-1: Base on Balls
|
Batting: RHB Mike Swift
|
0-0: Foul Ball, location: 2F 0-1: Ball 1-1: Ball 2-1: Ball 3-1: Foul Ball, location: 2F 3-2: Foul Ball, location: 2F 3-2: Base on Balls T.J. Jordan to second
|
Batting: LHB Ron Mills
|
0-0: Foul Ball, location: 2F 0-1: Hit by Pitch Johnny Diaz scores T.J. Jordan to third Mike Swift to second
|
Batting: RHB Orlando Florez
|
0-0: Ball 1-0: DOUBLE (Flyball, 78D, EV 109.4 MPH) T.J. Jordan scores Mike Swift scores Ron Mills to third
|
Batting: RHB Ryuki Ogasawara
|
0-0: Fly out, F5 (Line Drive, 56, EV 70.0 MPH)
|
Batting: RHB Dale Young
|
0-0: Fly out, F9 (Flyball, 89M, EV 87.5 MPH) Runner from 3rd tags up, SCORES, no throw by RF
|
Pitching: RHP Javy Balderrama
|
|
Pinch Hitting: LHB David McNair
|
0-0: Foul Ball, location: 2F 0-1: Foul Ball, location: 2F 0-2: Foul Ball, location: 2F 0-2: Foul Ball, location: 2F 0-2: Foul Ball, location: 2F 0-2: Ground out U3 (Groundball, 3, EV 108.1 MPH)
|
Top of the 7th over - 4 runs, 2 hits, 0 errors, 1 left on base; Hillsboro 9 - Tri-City 0 |
BOTTOM OF THE 7TH |
Tri-City Dust Devils batting - Pitching for Hillsboro Hops : RHP Jose Rodas
|
Now in LF: David McNair
|
|
Pinch Hitting: LHB Bobby Gambrell
|
0-0: Ball 1-0: Reached via error on a dropped throw from 1B, E1 (Groundball, 34, EV 101.9 MPH)
|
Batting: LHB Ryan Anderson
|
0-0: Called Strike Bobby Gambrell steals 2nd base (no throw) 0-1: Ball 1-1: Swinging Strike 1-2: Strikes out swinging
|
Pitching: LHP Ryan Cole
|
|
Pinch Hitting: SHB Sean Hill
|
0-0: Swinging Strike 0-1: SINGLE (Flyball, 3D, EV 87.5 MPH) Bobby Gambrell to third
|
Batting: RHB Pleun Smit
|
0-0: Ball 1-0: Ball 2-0: Fielders Choice at 2nd, 6-4 (Groundball, 6, EV 81.9 MPH) Bobby Gambrell scores
|
Batting: RHB Ben Hoffman
|
0-0: Swinging Strike 0-1: Fielders Choice at 2nd, 6-4 (Groundball, 6, EV 85.6 MPH)
|
Bottom of the 7th over - 1 run, 1 hit, 1 error, 1 left on base; Hillsboro 9 - Tri-City 1 |
TOP OF THE 8TH |
Hillsboro Hops batting - Pitching for Tri-City Dust Devils : RHP Javy Balderrama
|
Now at 1B: Sean Hill
|
|
Now at 3B: Bobby Gambrell
|
|
Pinch Hitting: LHB Dillon Rizzuto
|
0-0: Called Strike 0-1: Foul Ball, location: 2F 0-2: Ball 1-2: Ball 2-2: Ball 3-2: Foul Ball, location: 2F 3-2: Base on Balls
|
Batting: SHB Johnny Diaz
|
0-0: Called Strike 0-1: Ball 1-1: Ball 2-1: Ball 3-1: Called Strike 3-2: Strikes out looking
|
Pitching: RHP Tim Stewart
|
|
Batting: RHB T.J. Jordan
|
0-0: Ball 1-0: Foul Ball, location: 2F 1-1: DOUBLE (Line Drive, 89D, EV 105.6 MPH) Dillon Rizzuto to third
|
Batting: RHB Mike Swift
|
0-0: Ball 1-0: Fly out, F7 (Flyball, 7D, EV 95.0 MPH)
|
Pinch Hitting: LHB Dallas Kelly
|
0-0: Called Strike 0-1: Swinging Strike 0-2: Strikes out swinging
|
Top of the 8th over - 0 runs, 1 hit, 0 errors, 2 left on base; Hillsboro 9 - Tri-City 1 |
BOTTOM OF THE 8TH |
Tri-City Dust Devils batting - Pitching for Hillsboro Hops : LHP Ryan Cole
|
Now at 1B: Dillon Rizzuto
|
|
Now in LF: Dallas Kelly
|
|
Now in RF: David McNair
|
|
Pinch Hitting: RHB Yuusei Narita
|
0-0: SINGLE (Flyball, 6MD, EV 86.9 MPH)
|
Pinch Hitting: RHB Victor Contreras
|
0-0: Called Strike 0-1: Ball 1-1: Called Strike 1-2: Foul Ball, location: 2F 1-2: Foul Ball, location: 2F 1-2: Fly out, F9 (Line Drive, 89M, EV 106.2 MPH)
|
Batting: RHB Deshawn Boseman
|
0-0: Foul Ball, location: 2F 0-1: Hit by Pitch Yuusei Narita to second
|
Batting: SHB Blake Abbott
|
0-0: Ball 1-0: Ball 2-0: Ball 3-0: Base on Balls Yuusei Narita to third Deshawn Boseman to second
|
Pinch Hitting: RHB Hector Fernandez
|
0-0: Ball 1-0: Ball 2-0: Ball Wild Pitch! Yuusei Narita scores Deshawn Boseman to third Blake Abbott to second 3-0: Base on Balls
|
Batting: LHB Ryan Anderson
|
0-0: Called Strike 0-1: Called Strike 0-2: Ball 1-2: Strikes out swinging
|
Pinch Hitting: RHB Bob Raine
|
0-0: Foul Ball, location: 2F 0-1: Fly out, F9 (Flyball, 9, EV 94.4 MPH)
|
Bottom of the 8th over - 1 run, 1 hit, 0 errors, 3 left on base; Hillsboro 9 - Tri-City 2 |
TOP OF THE 9TH |
Hillsboro Hops batting - Pitching for Tri-City Dust Devils : RHP Tim Stewart
|
Pitching: RHP Jarrod Kenny
|
|
Now at 1B: Terry Sutherland
|
|
Now at 2B: Hector Fernandez
|
|
Now at 3B: Blake Abbott
|
|
Now in LF: Bob Raine
|
|
Now in RF: Victor Contreras
|
|
Pinch Hitting: LHB Tomohiro Yokoyama
|
0-0: Called Strike 0-1: Called Strike 0-2: Foul Ball, location: 2F 0-2: Strikes out swinging
|
Batting: RHB Ryuki Ogasawara
|
0-0: Ball 1-0: Foul Ball, location: 2F 1-1: Called Strike 1-2: Foul Ball, location: 2F 1-2: Ball 2-2: Strikes out looking
|
Batting: RHB Dale Young
|
0-0: Swinging Strike 0-1: Ball 1-1: Ball 2-1: Ground out 4-3 (Groundball, 4, EV 107.5 MPH)
|
Top of the 9th over - 0 runs, 0 hits, 0 errors, 0 left on base; Hillsboro 9 - Tri-City 2 |
BOTTOM OF THE 9TH |
Tri-City Dust Devils batting - Pitching for Hillsboro Hops : LHP Ryan Cole
|
Now at 3B: Josh Kirk
|
|
Batting: RHB Pleun Smit
|
0-0: Ball 1-0: Foul Ball, location: 2F 1-1: Swinging Strike 1-2: Strikes out looking
|
Batting: RHB Ben Hoffman
|
0-0: Called Strike 0-1: Ball 1-1: Ball 2-1: Foul Ball, location: 2F 2-2: Strikes out swinging
|
Batting: RHB Terry Sutherland
|
0-0: Ball 1-0: Ball 2-0: Called Strike 2-1: Swinging Strike 2-2: Strikes out swinging
|
Bottom of the 9th over - 0 runs, 0 hits, 0 errors, 0 left on base; Hillsboro 9 - Tri-City 2 |
|